 Dungeon Sprint DCSS version 0.30-a0-802-gb92711bcdf (webtiles) character file.

Game seed: 9841036366587606525

1600000 BigDaddyOpFi the Acrobat (level 15, -21/85 HPs)
             Began as a Djinni Summoner on Feb 23, 2023.
             Demolished by a meat berserker
             ... wielding a +9 battleaxe
              (44 damage)
             ... in the Dungeon (Sprint VIII: "Arena of Blood").
             The game lasted 00:00:31 (16 turns).

BigDaddyOpFi the Acrobat (Djinni Summoner)            Turns: 16, Time: 00:00:32

Health: -21/85     AC:  2    Str:  7    XL:     15   Next: 69%
Gold:   0          EV: 32    Int: 18    God:
                   SH:  0    Dex: 20

rFire   + + .      SeeInvis .    g - +∞ Axe of Woe
rCold   x . .      Faith    .    (shield currently unavailable)
rNeg    . . .      Spirit   .    a - +0 robe
rPois   ∞          Reflect  .    (no helmet)
rElec   .          Harm     .    (no cloak)
rCorr   .          Rampage  .    (no gloves)
Will    +....      NoTele   +    (boots unavailable)
Stlth   +++++++++                (no amulet)
HPRegen 0.34/turn                (no ring)
MPRegen 0.00/turn                (no ring)

@: flying
A: sickness immunity, fire resistance 2, cold vulnerability 1, float, innate
caster, HP casting, extra vitality 1
a: no special abilities


You were in the Dungeon.
You visited 1 branch

Inventory:

Hand Weapons
 g - the +∞ Axe of Woe (weapon)
   (You found it in the Dungeon)
Armour
 a - a +0 robe (worn)
Scrolls
 f - a scroll of blinking
Potions
 b - a potion of curing
 c - a potion of heal wounds
 d - a potion of haste
 e - a potion of berserk rage


   Skills:
 + Level 26.5 Dodging
 + Level 22.8 Stealth
 + Level 19.8 Spellcasting


You knew the following spells:

 Your Spells              Type           Power      Damage    Failure   Level
a - Summon Small Mammal   Summ           100%       N/A       0%          1
b - Call Imp              Summ           73%        N/A       0%          2
c - Call Canine Familiar  Summ           73%        N/A       0%          3
d - Summon Guardian Gole  Hex/Summ       73%        N/A       0%          3
e - Summon Lightning Spi  Summ/Air       73%        N/A       0%          4
f - Necrotise             Necr           100%       1d9       0%          1
g - Lesser Beckoning      Tloc           100%       N/A       0%          2
h - Confusing Touch       Hex            73%        N/A       0%          3
i - Dazzling Flash        Conj/Hex       100%       N/A       0%          3
j - Flame Wave            Conj/Fire      73%        2d16      0%          4
k - Arcjolt               Conj/Air       36%        1d46      1%          5
l - Dispersal             Tloc           36%        N/A       1%          6
Your spell library was empty.

Dungeon Overview and Level Annotations

Branches:
Dungeon (1/1)

Altars:
Makhleb


Innate Abilities, Weirdness & Mutations

You are immune to sickness and miasma.
You are immune to poison.
Your flesh is very heat resistant. (rF++)
You are vulnerable to cold. (rC-)
You float through the air rather than walking.
You learn spells naturally, not from books.
Your magical power is your life essence.
You have superior vitality. (+4 MHP)


Message History

You hear a shout! x2
The meat berserker rages.
You hear a shout! x2
A bag of meat comes into view. It is wielding a +9 war axe.
You hear a shout! x3
Your Dodging skill gained 3 levels and is now at level 25!
Your Stealth skill gained 2 levels and is now at level 21!
Your Spellcasting skill gained 2 levels and is now at level 18!
You have reached level 15!
Your experience leads to an increase in your attributes!
Increase (S)trength, (I)ntelligence, or (D)exterity?
You feel agile. x2
The power to cast Dispersal wells up from within.
Spell assigned to 'l'.
Unknown command.
You hit the meat berserker.
You cleave the meat berserker in twain.
You kill the meat berserker!
You hear a shout! x8
A bag of meat comes into view. It is wielding a +9 war axe.
You hear a shout!
A meat berserker comes into view. It is wielding a +9 battleaxe.
You hear a shout! x6
The bag of meat moves out of view.
Your Dodging skill increases to level 26!
Your Stealth skill increases to level 22!
Your Spellcasting skill increases to level 19!
Unknown command.
You hear a shout!
The meat berserker rages.
You hear a shout! x2
A meat berserker comes into view. It is wielding a +9 battleaxe.
A bag of meat comes into view. It is wielding a +9 war axe.
You hear a shout! x4
Unknown command.
The destroyer appears out of thin air!
A destroyer comes into view. It is wielding a +9 heavy great sword.
You hear a shout! x8
The meat berserker hits you with a +9 battleaxe!!!
Ouch! That really hurt!
You die...

.. ... #. .O#
#.. ..# .
.###.. O.###..
....V.###......
......_.....
#..O..# #_)@._#
#O....#
...o.o_.....
o.....###......
.###.o ..###..
#.. ..# . #.
..# .. ...


You could see a destroyer (wandering), 4 meat berserkers and 4 bags of meat.

Vanquished Creatures
  4 ogres (D)
  2 orcs (D)
6 creatures vanquished.

Notes
Turn   | Place    | Note
-------+----------+-------------------------------------------
     0 | D        | Found the +∞ Axe of Woe
     0 | D        | BigDaddyOpFi the Djinni Summoner began the quest for the
                  | Orb.
     0 | D        | BigDaddyOpFi set off with the following spells memorised:
                  | Summon Small Mammal, Call Imp, Call Canine Familiar, Summon
                  | Guardian Golem, Summon Lightning Spire.
     0 | D        | Reached XP level 1. HP: 15/15 MP: 0/0
     2 | D        | Noticed a meat berserker
     2 | D        | Noticed a bag of meat
     3 | D        | Killed a meat berserker
     3 | D        | Noticed a meat berserker
     4 | D        | Reached skill level 18 in Dodging
     4 | D        | Reached XP level 2. HP: 21/21 MP: 0/0
     4 | D        | Reached XP level 3. HP: 25/25 MP: 0/0
     4 | D        | Learned a level 1 spell: Necrotise
     4 | D        | Reached XP level 4. HP: 31/31 MP: 0/0
     4 | D        | Reached XP level 5. HP: 35/35 MP: 0/0
     4 | D        | Learned a level 2 spell: Lesser Beckoning
     4 | D        | Reached XP level 6. HP: 40/40 MP: 0/0
     4 | D        | Reached XP level 7. HP: 45/45 MP: 0/0
     4 | D        | Learned a level 3 spell: Confusing Touch
     4 | D        | Reached XP level 8. HP: 50/50 MP: 0/0
     4 | D        | Reached XP level 9. HP: 55/55 MP: 0/0
     4 | D        | Learned a level 3 spell: Dazzling Flash
     4 | D        | Reached XP level 10. HP: 60/60 MP: 0/0
     4 | D        | Reached XP level 11. HP: 65/65 MP: 0/0
     4 | D        | Learned a level 4 spell: Flame Wave
     4 | D        | Reached XP level 12. HP: 70/70 MP: 0/0
     6 | D        | Killed a meat berserker
     6 | D        | Noticed a bag of meat
     7 | D        | Reached skill level 21 in Dodging
     7 | D        | Reached XP level 13. HP: 75/75 MP: 0/0
     7 | D        | Learned a level 5 spell: Arcjolt
     7 | D        | Killed a bag of meat
     7 | D        | Noticed a bag of meat
     8 | D        | Reached skill level 22 in Dodging
     8 | D        | Reached XP level 14. HP: 80/80 MP: 0/0
     8 | D        | Noticed a meat berserker
     9 | D        | Noticed a bag of meat
    11 | D        | Noticed a bag of meat
    11 | D        | Noticed a bag of meat
    11 | D        | Noticed a meat berserker
    12 | D        | Noticed a meat berserker
    13 | D        | Killed a meat berserker
    13 | D        | Killed a bag of meat
    13 | D        | Noticed a meat berserker
    13 | D        | Noticed a bag of meat
    14 | D        | Reached skill level 25 in Dodging
    14 | D        | Reached XP level 15. HP: 22/85 MP: 0/0
    14 | D        | Learned a level 6 spell: Dispersal
    14 | D        | Killed a meat berserker
    14 | D        | Noticed a meat berserker
    15 | D        | Reached skill level 26 in Dodging
    15 | D        | Noticed a meat berserker
    16 | D        | Demolished by a meat berserker

Illustrated notes

Levels and vault maps discovered:
D:        meatsprint

Skill      XL: |  1  2  3  4  5  6  7  8  9 10 11 12 13 14 15 |
---------------+----------------------------------------------+-----
Dodging        | 18 21 22 25 26 | 26.5
Stealth        | 16 18 19 21 22 | 22.8
Spellcasting   | 14 16 18 19 | 19.8

Action                     |  1- 3 |  4- 6 |  7- 9 | 10-12 | 13-15 || total
---------------------------+-------+-------+-------+-------+-------++-------
  Melee: Executioner's axe |     1 |       |       |     1 |     3 ||     5

Table legend: (Time is in decaauts)
 A = Elapsed time spent in this place.
 B = Non-inter-level travel time spent in this place.
 C = Inter-level travel time spent in this place.
 D = Time resting spent in this place.
 E = Time spent auto-exploring this place.
 F = Levels seen in this place.
 G = Mean time per level.
                   A        B        C        D        E       F      G
               +--------+--------+--------+--------+--------+-----+--------+
         Total |     20 |     20 |      0 |      0 |      0 |   1 |   20.0 |
       Dungeon |     20 |     20 |      0 |      0 |      0 |   1 |   20.0 |
               +--------+--------+--------+--------+--------+-----+--------+

Top non-repeatable levels by time:
       D: 20 daAuts
